 Dungeon Crawl Stone Soup version 0.30-a0-241-g1121274140 (webtiles) character file.

Game seed: 12870299661749722928

378 GreatBamboolord the Sneak (level 7, -14/41 HPs)
             Began as a Kobold Brigand on Oct 11, 2022.
             Demolished by an ogre
             ... wielding a +0 giant spiked club
              (21 damage)
             ... on level 4 of the Dungeon.
             The game lasted 00:08:50 (3336 turns).

GreatBamboolord the Sneak (Kobold Brigand)          Turns: 3336, Time: 00:08:50

Health: -14/41     AC:  4    Str: 14    XL:     7   Next: 4%
Magic:  7/7        EV: 16    Int: 12    God:
Gold:   69         SH:  9    Dex: 25    Spells: 6/6 levels left

rFire   . . .      SeeInvis .    a - +2 dagger
rCold   . . .      Faith    .    i - +3 warlock's mirror {reflect}
rNeg    . . .      Spirit   .    r - +0 animal skin
rPois   .          Reflect  +    n - +0 helmet
rElec   .          Harm     .    c - +0 cloak
rCorr   .          Rampage  .    (no gloves)
Will    .....                    (no boots)
Stlth   +++++.....               (no amulet)
HPRegen 0.26/turn                f - +6 ring of dexterity
MPRegen 0.10/turn                q - +6 ring of strength

@: no status effects
A: small, no large weapons, nightstalker 3
a: no special abilities


You were on level 4 of the Dungeon.
You visited 1 branch of the dungeon, and saw 5 of its levels.

You collected 228 gold pieces.
You spent 159 gold pieces at shops.

Inventory:

Hand Weapons
 a - a +2 dagger (weapon)
 w - the +10 whip of the Candle {vamp, rPois Int+2 Dex+4}
   (You found it on level 4 of the Dungeon)

   It occasionally heals its wielder for a portion of the damage dealt when it
   wounds a living foe.
   Int:       It affects your intelligence (+2).
   Dex:       It affects your dexterity (+4).
   rPois:     It protects you from poison.
Missiles
 d - 4 poisoned darts (quivered)
Armour
 b - a +0 robe
 c - a +0 cloak (worn)
 i - the +3 warlock's mirror (worn) {reflect}
   (You acquired it on level 2 of the Dungeon)

   It can block and reflect piercing ranged attacks and magical attacks against
   the wielder's willpower.
 n - a +0 helmet (worn)
 r - a +0 animal skin (worn)
Jewellery
 f - a +6 ring of dexterity (left hand)
 o - a ring of wizardry
 q - a +6 ring of strength (right hand)
 u - a +6 ring of intelligence
Scrolls
 h - a scroll of fear
 j - 2 scrolls of teleportation
 k - 2 scrolls of noise
 p - 2 scrolls of magic mapping
 s - a scroll of vulnerability {unknown}
 v - a scroll of butterflies {unknown}
 x - a scroll of poison
 y - a scroll of blinking
Potions
 g - a potion of degeneration
 l - a potion of resistance
 m - a potion of magic {unknown}
 t - a potion of flight {unknown}


   Skills:
 * Level 3.3 Fighting
 * Level 5.2 Short Blades
 * Level 3.4 Throwing
 * Level 3.0 Dodging
 + Level 7.1 Stealth
 * Level 1.2 Shields


You had 6 spell levels left.
You didn't know any spells.
Your spell library contained the following spells:

 Spells                   Type           Power      Damage    Failure   Level
 Portal Projectile        Hex/Tloc       0%         N/A       83%         3
 Tukima's Dance           Hex            0%         N/A       83%         3
 Blade Hands              Tmut           0%         N/A       100%        5


Dungeon Overview and Level Annotations

Branches:
Dungeon (5/15)
 Temple: D:4-7

Altars:
Yredelemnul

Shops:
D:1 ?

Annotations:
D:3 3 runed translucent doors, twist's ghost, amateur OpTm


Innate Abilities, Weirdness & Mutations

You are small and have problems with some larger weapons.
You are completely attuned to the shadows.


Message History

The ogre hits you with a +0 giant spiked club!
There is an open door here.
The ogre looks more healthy.
Throw: 8 darts (poison)
Press: ? - help, Q - select action Shift-Dir - straight line, f/p - ogre
Aim: an ogre, wielding a +0 giant spiked club (heavily wounded, 79% to hit)
You throw a poisoned dart.
The poisoned dart completely misses the ogre.
The ogre hits you with a +0 giant spiked club!
No other quiver actions available for cycling.
There is an open door here.
You close the door.
An ogre opens the door.
Throw: 7 darts (poison)
Press: ? - help, Q - select action Shift-Dir - straight line, f/p - ogre
Aim: an ogre, wielding a +0 giant spiked club (heavily wounded, 79% to hit)
You throw a poisoned dart. The poisoned dart hits the ogre.
The ogre is poisoned.
The ogre is heavily wounded.
The ogre attacks as you move away! The ogre closely misses you.
The ogre attacks as you move away! The ogre barely misses you.
Throw: 6 darts (poison)
Press: ? - help, Q - select action Shift-Dir - straight line, f/p - ogre
Aim: an ogre, wielding a +0 giant spiked club (severely wounded, poisoned, 79% to hit)
You throw a poisoned dart. The poisoned dart hits the ogre.
The ogre looks even sicker.
The ogre is severely wounded.
The ogre attacks as you move away!
The ogre hits you with a +0 giant spiked club!!
* * * LOW HITPOINT WARNING * * *
Throw: 5 darts (poison)
Press: ? - help, Q - select action Shift-Dir - straight line, f/p - ogre
Aim: an ogre, wielding a +0 giant spiked club (severely wounded, poisoned, 79% to hit)
You throw a poisoned dart. The poisoned dart hits the ogre.
The ogre looks even sicker.
The ogre is severely wounded.
The ogre attacks as you move away! You block the ogre's attack.
The ogre attacks as you move away!
The ogre hits you with a +0 giant spiked club!!
Ouch! That really hurt!
You die...

#.##......#####.#.#.#.#.#.#......
#..(...(..'.......#.#<#.#.#......
####......#####.#.#.###.#.#......
############.#.#.......#......
..........(........>#.#.#####
###.######.#.##....#.#.#
########.# #.####.##.###.#
......##.######.............#
......'.....(..O@....##.#####
......##.##########...#.#
......##..............#.#
......###############...# ......#
##..#### ......# #.....###
#####.# #####..#...## #.#
#........#..### #.#
#......#......#


You could see an ogre (very poisoned).

Vanquished Creatures
  2 scorpions
  A hound (D:4)
  An iguana (D:4)
  Jessica (D:3)
  Robin (D:2)
  4 adders
  A gnoll (D:3)
  An ufetubus (D:3)
  2 worms (D:2)
  3 dart slugs
  3 orcs
  5 ball pythons
  6 endoplasms
  4 giant cockroaches
  21 goblins
  8 hobgoblins
  5 quokkas
  6 bats
  2 frilled lizards
  6 kobolds
  8 rats
91 creatures vanquished.

Vanquished Creatures (others)
  3 fungi (D:3)
  2 plants (D:3)
5 creatures vanquished.

Grand Total: 96 creatures vanquished

Notes
Turn   | Place    | Note
-------+----------+-------------------------------------------
     0 | D:1      | GreatBamboolord the Kobold Brigand began the quest for the
                  | Orb.
     0 | D:1      | Reached XP level 1. HP: 12/12 MP: 1/1
    79 | D:1      | Reached XP level 2. HP: 17/17 MP: 2/2
   403 | D:1      | Reached XP level 3. HP: 22/22 MP: 3/3
   408 | D:1      | Found Detiolo's Magic Scroll Boutique.
   519 | D:1      | Reached skill level 6 in Stealth
   546 | D:1      | Found a faded altar of an unknown god.
   822 | D:2      | Reached XP level 4. HP: 17/27 MP: 4/4
   894 | D:2      | Noticed Robin
   950 | D:2      | Killed Robin
   970 | D:2      | Identified a scroll of acquirement
   974 | D:2      | Acquired the +3 warlock's mirror {reflect}
   974 | D:2      | Found the +3 warlock's mirror {reflect}
  1585 | D:3      | Reached XP level 5. HP: 31/31 MP: 5/5
  1603 | D:3      | Noticed Jessica
  1616 | D:3      | Killed Jessica
  1678 | D:3      | Reached XP level 6. HP: 23/37 MP: 6/6
  1976 | D:3      | Found a runed translucent gate.
  1977 | D:3      | Found a runed translucent gate.
  1977 | D:3      | Noticed twist's ghost (amateur OpTm)
  1978 | D:3      | Found a runed translucent gate.
  1990 | D:3      | Found a basalt altar of Yredelemnul.
  2683 | D:4      | Identified the +10 whip of the Candle {vamp, rPois Int+2
                  | Dex+4}
  2707 | D:4      | Reached skill level 7 in Stealth
  2815 | D:1      | Bought a scroll of poison for 44 gold pieces
  2815 | D:1      | Bought a scroll of teleportation for 33 gold pieces
  2815 | D:1      | Bought a scroll of blinking for 82 gold pieces
  2907 | D:5      | Entered Level 5 of the Dungeon
  2959 | D:4      | Reached skill level 5 in Short Blades
  2959 | D:4      | Reached skill level 1 in Shields
  3272 | D:4      | Reached XP level 7. HP: 37/41 MP: 7/7
  3336 | D:4      | Demolished by an ogre

Illustrated notes

Levels and vault maps discovered:
D:1:      dpeg_arrival_simpleton_b, layout_rooms, serial_shops, shop,
          shapermc_ecumenical_altar_ellora, minmay_split_cup_small
D:2:      layout_loops_ring, uniq_robin
D:3:      layout_basic, yredelemnul_altar_generic,
          gammafunk_ghost_nasty_kobolds, minmay_misc_feat_plants,
          minmay_misc_feat_secret_circle, minmay_fractal_squares_diagonal_5,
          uniq_jessica
D:4:      layout_basic, kennysheep_little_box, nicolae_kite_square_tiling_tiny
D:5:      layout_rooms, nicolae_uskayaw_en_pointe,
          mainiacjoe_overflow_small_starburst, ebering_ghost_sewer_f,
          skrybe_limestone_x

Skill      XL: |  1  2  3  4  5  6 |
---------------+-------------------+-----
Short Blades   | 3 4 5 |  5.2
Stealth        | 6 7 |  7.1
Dodging        | 2 3 |  3.0
Throwing       | 3 |  3.4
Fighting       | 3 |  3.3
Shields        | 1 |  1.2

Action                   |  1- 3 |  4- 6 |  7- 9 || total
-------------------------+-------+-------+-------++-------
Melee: Dagger            |    57 |   192 |       ||   249
       Punch             |     1 |     1 |       ||     2
Throw: Dart              |    13 |    11 |     7 ||    31
  Use: Scroll            |       |     8 |       ||     8
       Potion            |       |     2 |       ||     2
 Stab: Sleeping          |     9 |    16 |       ||    25
Armor: Robe              |     8 |     6 |       ||    14
       Animal skin       |       |    14 |       ||    14
Dodge: Dodged            |    29 |    95 |     4 ||   128
Block: Buckler           |       |    57 |     1 ||    58
       Reflection        |       |     1 |       ||     1

Table legend: (Time is in decaauts)
 A = Elapsed time spent in this place.
 B = Non-inter-level travel time spent in this place.
 C = Inter-level travel time spent in this place.
 D = Time resting spent in this place.
 E = Time spent auto-exploring this place.
 F = Levels seen in this place.
 G = Mean time per level.
                   A        B        C        D        E       F      G
               +--------+--------+--------+--------+--------+-----+--------+
         Total |   3296 |   3072 |    224 |    156 |   2208 |   5 |  659.2 |
       Dungeon |   3296 |   3072 |    224 |    156 |   2208 |   5 |  659.2 |
               +--------+--------+--------+--------+--------+-----+--------+

Top non-repeatable levels by time:
     D:3: 1155 daAuts
     D:2: 789 daAuts
     D:1: 676 daAuts
     D:4: 668 daAuts
     D:5: 7 daAuts
